 Dungeon Crawl Stone Soup version 0.28-a0-863-g8cecda6153 (webtiles) character file.

Game seed: 6039709228752360969

172 IdlyInterested the Sneak (level 5, -13/30 (32) HPs)
             Began as a Kobold Fighter on Nov 18, 2021.
             Mangled by a wight (16 damage)
             ... on level 4 of the Dungeon.
             The game lasted 00:06:57 (3831 turns).

IdlyInterested the Sneak (Kobold Fighter)           Turns: 3831, Time: 00:06:58

HP:   -13/30 (32)   AC:  6    Str: 13      XL:     5   Next: 82%
MP:   5/5           EV: 11    Int:  9 (10) God:
Gold: 66            SH:  5    Dex: 14 (15) Spells: 4/4 levels left

rFire   . . .      SeeInvis .   a - +0 rapier
rCold   . . .      Faith    .   c - +0 buckler
rNeg    . . .      Spirit   .   n - +0 ring mail
rPois   +          Reflect  .   (no helmet)
rElec   .          Harm     .   h - +0 cloak
rCorr   .          Rampage  .   (no gloves)
Will    .....                   (no boots)
Stlth   +++.......              (no amulet)
HPRegen 0.10/turn               i - ring of poison resistance
MPRegen 0.09/turn               (no ring)

@: mighty, drained
A: small, no large weapons, nightstalker 3
a: no special abilities


You were on level 4 of the Dungeon.
You visited 1 branch of the dungeon, and saw 4 of its levels.

You collected 66 gold pieces.

Inventory:

Hand Weapons
 a - a +0 rapier (weapon)
Missiles
 e - 46 stones (quivered)
Armour
 b - a +0 scale mail
 c - a +0 buckler (worn)
 h - a +0 cloak (worn)
 j - a +0 robe
 n - a +0 ring mail (worn)
Jewellery
 i - a ring of poison resistance (left hand)
Wands
 g - a wand of flame (14)
Potions
 f - a potion of brilliance
 k - 3 potions of curing
 m - a potion of heal wounds


   Skills:
 - Level 3.2 Fighting
 + Level 4.5 Short Blades
 - Level 2.4 Armour
 * Level 4.6 Stealth
 * Level 3.3 Shields


You had 4 spell levels left.
You didn't know any spells.
Your spell library was empty.

Dungeon Overview and Level Annotations

Branches:
Dungeon (4/15)
 Temple: D:4-7

Altars:
Kikubaaqudgha
Makhleb
Trog
Vehumet
Yredelemnul


Innate Abilities, Weirdness & Mutations

You are small and have problems with some larger weapons.
You are completely attuned to the shadows.


Message History

You see here a +0 whip.
Things that are here:
a +0 hand axe; an orc corpse You see here a +0 whip.
A wight comes into view. It is wielding a +3 battleaxe.
You feel very mighty all of a sudden.
You barely miss the wight. You block the wight's attack.
You hit the wight.
The wight is moderately damaged.
You block the wight's attack.
You barely miss the wight.
The wight is moderately damaged.
The wight hits you with a +3 battleaxe!
You feel drained.
You puncture the wight!
The wight is severely damaged.
The wight closely misses you.
You completely miss the wight.
The wight is severely damaged.
The wight barely misses you.
You hit the wight.
The wight is almost destroyed.
You block the wight's attack.
You hit the wight.
The wight is almost destroyed.
The wight hits you with a +3 battleaxe!
* * * LOW HITPOINT WARNING * * *
You feel drained.
* * * LOW HITPOINT WARNING * * *
You puncture the wight!
You destroy the wight!
You feel your dexterity returning.
A wight comes into view. It is wielding a +0 morningstar.
Things that are here:
a +3 battleaxe; a +0 robe A wight comes into view.
It is wielding a +2 mace of freezing.
You closely miss the wight. The wight barely misses you.
You closely miss the wight.
The wight hits you with a +0 morningstar!
Ouch! That really hurt!
You die...

##### ...## z.. #z#
... #@# #.# #)# #.#
#.# #.# #.# ##'##
#.# ##...## #.#
##.....## ###.##
#.......## ##.#..#
.........####...#.#


You could see 2 wights.

Vanquished Creatures
  A wight (D:4)
  3 adders
  A worm (D:3)
  A dart slug (D:3)
  8 orcs
  14 bats
  6 endoplasms
  A giant cockroach (D:2)
  6 goblins
  6 hobgoblins
  8 jackals
  4 kobolds
  5 quokkas
  12 ball pythons
  9 frilled lizards
  3 rats
88 creatures vanquished.

Notes
Turn   | Place    | Note
-------+----------+-------------------------------------------
     0 | D:1      | IdlyInterested the Kobold Fighter began the quest for the
                  | Orb.
     0 | D:1      | Reached XP level 1. HP: 14/14 MP: 1/1
   404 | D:1      | Reached XP level 2. HP: 19/19 MP: 2/2
   428 | D:1      | Reached skill level 1 in Stealth
   444 | D:1      | Found a faded altar of an unknown god.
   709 | D:1      | Reached XP level 3. HP: 23/23 MP: 3/3
  1375 | D:2      | Reached XP level 4. HP: 28/28 MP: 4/4
  1570 | D:2      | Found a basalt altar of Yredelemnul.
  2703 | D:3      | Reached XP level 5. HP: 19/32 MP: 5/5
  3751 | D:4      | Found a burning altar of Makhleb.
  3753 | D:4      | Found an ancient bone altar of Kikubaaqudgha.
  3754 | D:4      | Found a bloodstained altar of Trog.
  3756 | D:4      | Found a radiant altar of Vehumet.
  3831 | D:4      | Mangled by a wight

Illustrated notes

Levels and vault maps discovered:
D:1:      lightli_arrival_chessboard, layout_basic,
          hellmonk_ecumenical_altar_heavens_door
D:2:      layout_basic, basic_altar, minivault_5
D:3:      layout_basic
D:4:      layout_loops_corners, mainiacjoe_overflow_alcove_3,
          grunt_gozag_statues, minmay_manual_mullet

Skill      XL: |  1  2  3  4  5 |
---------------+----------------+-----
Stealth        | 1 2 3 4 |  4.6
Short Blades   | 3 4 |  4.5
Shields        | 3 |  3.3
Fighting       | |  3.2
Armour         | |  2.4

Action                   |  1- 3 |  4- 6 || total
-------------------------+-------+-------++-------
Melee: Rapier            |   102 |   145 ||   247
Throw: Stone             |    14 |       ||    14
  Use: Scroll            |     3 |     3 ||     6
       Potion            |     2 |     1 ||     3
 Stab: Sleeping          |    10 |    13 ||    23
       Distracted        |       |     1 ||     1
Armor: Scale mail        |    14 |       ||    14
       Robe              |     2 |     9 ||    11
       Ring mail         |       |     6 ||     6
Dodge: Dodged            |    51 |    70 ||   121
Block: Buckler           |    28 |    22 ||    50

Table legend: (Time is in decaauts)
 A = Elapsed time spent in this place.
 B = Non-inter-level travel time spent in this place.
 C = Inter-level travel time spent in this place.
 D = Time resting spent in this place.
 E = Time spent auto-exploring this place.
 F = Levels seen in this place.
 G = Mean time per level.
                   A        B        C        D        E       F      G
               +--------+--------+--------+--------+--------+-----+--------+
         Total |   3847 |   3793 |     54 |   1031 |   2094 |   4 |  961.8 |
       Dungeon |   3847 |   3793 |     54 |   1031 |   2094 |   4 |  961.8 |
               +--------+--------+--------+--------+--------+-----+--------+

Top non-repeatable levels by time:
     D:3: 1539 daAuts
     D:1: 1259 daAuts
     D:2: 967 daAuts
     D:4: 80 daAuts
